 Dungeon Crawl Stone Soup version 0.31-a0-879-g1609e0ac53 (webtiles) character file.

Game seed: 15378048992849541420

877 arthad the Trooper (level 8, -8/84 HPs)
             Began as an Ogre Berserker on Oct 14, 2023.
             Was a Believer of Trog.
             Mangled by a gnoll
             ... wielding a +0 flail
              (13 damage)
             ... on level 3 of the Dungeon.
             The game lasted 00:06:05 (3247 turns).

arthad the Trooper (Ogre Berserker)                 Turns: 3247, Time: 00:06:06

Health: -8/84      AC:  4    Str: 24    XL:     8   Next: 4%
Magic:  8/8        EV: 10    Int:  8    God:    Trog [**....]
Gold:   44         SH:  0    Dex:  8    Spells: 7/7 levels left

rFire   + . .        a - +0 hand axe
rCold   . . .        (no shield)
rNeg    . . .        b - +0 animal skin
rPois   .            (helmet restricted)
rElec   .            m - +0 cloak
rCorr   .            (gloves unavailable)
SInv    .            (boots unavailable)
Will    ++...        (no amulet)
Stlth   ++           q - ring of protection from fire
HPRegen 1.34/turn    (no ring)
MPRegen 0.11/turn

%: no passive effects
@: strong-willed, on berserk cooldown, regenerating, slowed, very slow
A: large, unfitting armour, tough skin 1
a: Renounce Religion, Berserk, Trog's Hand


You were on level 3 of the Dungeon.
You worshipped Trog.
Trog was pleased with you.
You visited 1 branch of the dungeon, and saw 4 of its levels.
You also visited: Sewer.

You collected 44 gold pieces.

Inventory:

Hand Weapons
 a - a +0 hand axe (weapon)
 g - a +0 flail of holy wrath
Missiles
 f - 27 poisoned darts (quivered)
 j - 2 javelins
 t - a curare-tipped dart
Armour
 b - a +0 animal skin (worn)
 m - a +0 cloak (worn)
Jewellery
 n - an amulet of faith
 q - a ring of protection from fire (left hand)
Wands
 p - a wand of digging (7)
Scrolls
 c - a scroll of identify
 d - 2 scrolls of fog
 e - a scroll of silence
 h - 2 scrolls of fear {unknown}
 l - 2 scrolls of teleportation {unknown}
 s - a scroll of vulnerability {unknown}
 v - a scroll of enchant weapon {unknown}
 x - a scroll of revelation
Potions
 i - a potion of ambrosia {unknown}
 k - a potion of lignification {unknown}
 o - 2 potions of might {unknown}
 r - a potion of enlightenment {unknown}
 u - a potion of heal wounds {unknown}
 w - 2 potions of cancellation {unknown}


   Skills:
 * Level 6.7 Fighting
 * Level 5.1 Axes
 + Level 2.4 Throwing
 + Level 2.1 Armour
 * Level 4.7 Dodging
 + Level 2.1 Stealth


You had 7 spell levels left.
You didn't know any spells.
Your spell library contained the following spells:

 Spells                   Type           Power      Damage    Failure   Level
 Summon Small Mammal      Summ           0%         N/A       41%         1
 Call Canine Familiar     Summ           0%         N/A       78%         3
 Summon Guardian Golem    Hex/Summ       0%         N/A       78%         3


Dungeon Overview and Level Annotations

Branches:
Dungeon (4/15)              Sewer (visited)
 Temple: D:4-7

Altars:
Makhleb
Wu Jian

Shops:
D:2 !


Innate Abilities, Weirdness & Mutations

You are too large for most types of armour.
You have tough skin. (AC +1)


Message History

The water moccasin is moderately wounded.
The water moccasin bites you but does no damage.
You slash the water moccasin!
The water moccasin is almost dead.
The gnoll hits you from afar with a +0 halberd!
* * * LOW HITPOINT WARNING * * *
The water moccasin bites you but does no damage.
You hit the water moccasin.
You kill the water moccasin!
Trog accepts your kill.
The gnoll hits you from afar with a +0 halberd!
* * * LOW HITPOINT WARNING * * *
Your Axes skill increases to level 5!
You have reached level 8!
Things that are here:
a +0 flail; a water moccasin corpse; a gnoll corpse You slash the gnoll!
The gnoll is severely wounded.
The gnoll barely misses you.
You closely miss the gnoll.
The gnoll is severely wounded.
You are no longer berserk.
You are exhausted.
You feel yourself slow down. The gnoll hits you with a +0 halberd!
* * * LOW HITPOINT WARNING * * *
You barely miss the gnoll.
The gnoll is severely wounded.
The gnoll closely misses you.
You hit the gnoll.
You kill the gnoll!
Trog accepts your kill. The gnoll barely misses you.
You slash the gnoll!
The gnoll is heavily wounded.
The gnoll hits you with a +0 flail.
* * * LOW HITPOINT WARNING * * *
You completely miss the gnoll.
The gnoll is heavily wounded.
The gnoll hits you with a +0 flail!
You die...

#.......................
#...((.................. ...
..#.......................
~..(...
#.......<...............#
~...♣_
#.......................#
.....
#.......................# ...
#.......(............... #.###
###.##.#g#.#.#...####.#
##.#.## #....#@#.#.#.#...#..#
......##########.#.#.#.###...#
#..........[.....#.#.#.#
#..###.#
..#####.....######.#.#.#
#>...... ###...#####.# #.#.#.#
######.# ...._.....'.# #.#.#..
###...#####.# #.# ##
..#####.....# #.......##.##


You could see a gnoll.

Vanquished Creatures
  Edmund (D:4)
  A water moccasin (D:3)
  6 kobold brigands (Sewer)
  Jessica (D:2)
  Terence (D:3)
  A sleepcap (D:4)
  3 gnolls (D:3)
  3 adders (Sewer)
  2 river rats
  8 worms
  A dart slug (D:2)
  An orc (D:4)
  6 ball pythons
  A bat (D:1)
  6 endoplasms
  3 giant cockroaches (D:4)
  3 goblins
  A hobgoblin (D:2)
  6 jackals
  3 quokkas
  3 frilled lizards (D:2)
  8 kobolds
  13 rats
82 creatures vanquished.

Notes
Turn   | Place    | Note
-------+----------+-------------------------------------------
     0 | D:1      | arthad the Ogre Berserker began the quest for the Orb.
     0 | D:1      | Reached XP level 1. HP: 24/24 MP: 1/1
   306 | D:1      | Reached XP level 2. HP: 32/32 MP: 2/2
   678 | D:2      | Noticed Jessica
   691 | D:2      | Killed Jessica
   692 | D:2      | Reached XP level 3. HP: 11/40 MP: 3/3
  1042 | D:2      | Found Zini's Distillery.
  1213 | D:2      | Reached ** piety under Trog
  1214 | D:2      | Reached XP level 4. HP: 49/49 MP: 4/4
  1245 | D:2      | You fall into a shaft and drop 2 floors!
  1262 | D:4      | Noticed Edmund
  1277 | D:4      | Killed Edmund
  1278 | D:4      | Reached skill level 5 in Fighting
  1278 | D:4      | Reached skill level 1 in Armour
  1278 | D:4      | Reached skill level 1 in Stealth
  1278 | D:4      | Reached XP level 5. HP: 57/57 MP: 5/5
  1320 | D:4      | Reached skill level 1 in Throwing
  1346 | D:4      | Found a glowing drain.
  1382 | Sewer    | Entered a sewer
  1401 | Sewer    | Noticed a kobold brigand
  1421 | Sewer    | Killed a kobold brigand
  1422 | Sewer    | Reached XP level 6. HP: 63/66 MP: 6/6
  1882 | Sewer    | Reached XP level 7. HP: 59/74 MP: 7/7
  2018 | Sewer    | Reached skill level 6 in Fighting
  2822 | D:4      | Reached *** piety under Trog
  3049 | D:3      | Noticed Terence
  3062 | D:3      | Killed Terence
  3146 | D:3      | Found a burning altar of Makhleb.
  3153 | D:3      | Found an ornate altar of the Wu Jian Council.
  3241 | D:3      | Reached skill level 5 in Axes
  3241 | D:3      | Reached XP level 8. HP: 23/84 MP: 8/8
  3243 | D:3      | HP: 3/84 [gnoll/+0 halberd (15)]
  3247 | D:3      | Mangled by a gnoll

Illustrated notes

Levels and vault maps discovered:
D:1:      orjb1_clovarrival, layout_rooms, chequers_serial_rivers_marsh,
          chequers_serial_rivers_micro_e, serial_bayou_lagoon_a
D:2:      wander_river, layout_basic, serial_shops,
          nicolae_shop_pleasant_corner_grove, uniq_jessica
D:3:      layout_basic, nzn_wu_jian_contemplation, marbit_many_paths,
          mainiacjoe_overflow_cross_hatched,
          mainiacjoe_overflow_surrounded_room, uniq_terence
D:4:      layout_loops_cross, portal_sewer_entry_b, corexii_checkpoint_a,
          chequers_serial_rivers_small_3, uniq_edmund

Skill      XL: |  1  2  3  4  5  6  7 |
---------------+----------------------+-----
Dodging        | 3 4 |  4.7
Fighting       | 5 6 |  6.7
Armour         | 1 2 |  2.1
Stealth        | 1 2 |  2.1
Throwing       | 1 2 |  2.4
Axes           | 4 5 |  5.1

Action                     |  1- 3 |  4- 6 |  7- 9 || total
---------------------------+-------+-------+-------++-------
  Melee: Hand axe          |    96 |    94 |   105 ||   295
         Punch             |     1 |     2 |       ||     3
  Throw: Dart              |       |    40 |    30 ||    70
 Invoke: Berserk           |       |     1 |     1 ||     2
         Trog's Hand       |       |       |     1 ||     1
    Use: Potion            |     1 |       |       ||     1
         Scroll            |       |     4 |       ||     4
   Stab: Sleeping          |       |       |     2 ||     2
 Armour: Animal skin       |    57 |    50 |    69 ||   176
  Dodge: Dodged            |    34 |    28 |    36 ||    98

Table legend: (Time is in decaauts)
 A = Elapsed time spent in this place.
 B = Non-inter-level travel time spent in this place.
 C = Inter-level travel time spent in this place.
 D = Time resting spent in this place.
 E = Time spent auto-exploring this place.
 F = Levels seen in this place.
 G = Mean time per level.
                   A        B        C        D        E       F      G
               +--------+--------+--------+--------+--------+-----+--------+
         Total |   3288 |   3202 |     86 |    164 |   2280 |   5 |  657.6 |
       Dungeon |   2095 |   2009 |     86 |    164 |   1355 |   4 |  523.8 |
         Sewer |   1192 |   1192 |      0 |      0 |    925 |   1 | 1192.0 |
               +--------+--------+--------+--------+--------+-----+--------+

Top non-repeatable levels by time:
   Sewer: 1192 daAuts
     D:2: 875 daAuts
     D:1: 576 daAuts
     D:4: 427 daAuts
     D:3: 215 daAuts
